cohdb
Replays
Latest Replays
All Replays
Popular Replays
Top Player Replays
Match Explorer
How It Works
Community
CoH3 Stats
Reddit
Sign in to upload your games and track your stats! →
Sign in with Steam
Match 31753658
Unlisted
Match 31753658
Overview
Messages
Build Orders
End
Construct Barracks
Riflemen Squad
Riflemen Squad
M1 Mortar Team
Selects Special Operations Battlegroup
Construct Weapon Support Center
Selects M29 Weasel with M1 Pack Howitzer
Bazooka Squad
M1919 Machine Gun Team
Mechanized Support Center
M16 Multiple Gun Motor Carriage
M3 75 mm Gun Motor Carriage
Selects Smoke Screen
Engineer Squad
Jonni
Mr P
现实费物只能游戏开挂找心理平衡了-tt1
gUi
Stukov
m4rk
ArabianONradar
series
0
0
Comments
sign in to comment!
No comments posted yet!